 Dungeon Crawl Stone Soup version 0.31.0-9-g3a7656b989 (console) character file.

Game seed: 5764395260699216012

33 AlterAsc the Sneak (level 3, 0/19 HPs)
             Began as a Vampire Enchanter on Jan 30, 2024.
             Slain by an orc
             ... wielding a +0 dagger
              (2 damage)
             ... on level 2 of the Dungeon.
             The game lasted 00:02:29 (946 turns).

AlterAsc the Sneak (Vampire Enchanter)               Turns: 946, Time: 00:02:30

Health: 0/19       AC:  2    Str:  7    XL:     3   Next: 12%
Magic:  3/6        EV: 12    Int: 17    God:
Gold:   59         SH:  0    Dex: 16    Spells: 1/6 levels left

rFire   . . .        a - +1 dagger
rCold   + + .        (no shield)
rNeg    + + +        b - +0 robe
rPois   ∞            (no helmet)
rElec   .            (no cloak)
rCorr   .            (no gloves)
SInv    +            (no boots)
Will    .....        (no amulet)
Stlth   +++++        (no ring)
HPRegen 0.00/turn    (no ring)
MPRegen 0.10/turn

%: no passive effects
@: bloodless, inhibited regen, invisible
A: bloodless, fangs 3, see invisible, vampiric 2
a: Bat Form, Revivify


You were on level 2 of the Dungeon.
You visited 1 branch of the dungeon, and saw 2 of its levels.

You collected 59 gold pieces.

Inventory:

Hand Weapons
 a - a +1 dagger (weapon)
Armour
 b - a +0 robe (worn)
Scrolls
 e - a scroll of enchant armour {unknown}
 g - a scroll of blinking {unknown}
 h - a scroll of identify {unknown}
 i - a scroll of torment {unknown}
 j - a scroll of fog {unknown}
Potions
 c - a potion of invisibility
 d - a potion of mutation {unknown}
 f - a potion of haste {unknown}


   Skills:
 - Level 1.1 Short Blades
 - Level 2.1 Dodging
 + Level 5.6 Stealth
 - Level 2.0 Spellcasting
 + Level 5.4 Hexes


You had one spell level left.
You knew the following spells:

 Your Spells              Type           Power      Damage    Failure   Level
a - Ensorcelled Hibernat  Hex/Ice        20%        N/A       10%         2
b - Confusing Touch       Hex            20%        N/A       6%          3

Your spell library contained the following spells:

 Spells                   Type           Power      Damage    Failure   Level
 Tukima's Dance           Hex            20%        N/A       6%          3
 Dazzling Flash           Conj/Hex       20%        N/A       19%         3


Dungeon Overview and Level Annotations

Branches:
Dungeon (2/15)

Altars:


Innate Abilities, Weirdness & Mutations

You do not regenerate when monsters are visible.
You are frail without blood (-20% HP).
You can heal yourself when you bite living creatures.
You are immune to poison.
You have razor-sharp teeth.
You have supernaturally acute eyesight. (SInv)
You are afflicted with vampirism and can become a bat while bloodless.


Message History

a +0 club; a kobold corpse The endoplasm quivers.
Casting: Ensorcelled Hibernation (safe; 10% risk of failure)
Confirm with . or Enter, or press ? or * to list all spells.
Aiming: Ensorcelled Hibernation (safe; 10% risk of failure)
Press: ? - help, Shift-Dir - straight line, f - endoplasm
Aim: an endoplasm (chance to affect: 62%)
The endoplasm resists with significant effort.
The endoplasm hits you but does no damage.
You hit the endoplasm.
The endoplasm is lightly wounded.
The endoplasm barely misses you.
You hit the endoplasm.
The endoplasm is heavily wounded.
The endoplasm hits you.
You barely miss the endoplasm.
The endoplasm is heavily wounded.
The endoplasm closely misses you.
You hit the endoplasm.
You kill the endoplasm!
Found 5 stones.
You see here a wand of paralysis (8).
You start resting.
HP restored.
You start resting.
An orc is nearby!
You closely miss the orc wizard.
The orc wizard shouts!
The orc shouts! x3; You hear a shout!
The orc wizard hits you with a +0 dagger.
You closely miss the orc wizard.
You bite the orc wizard, but do no damage.
The orc wizard hits you with a +0 dagger.
You barely miss the orc wizard. The orc hits you with a +0 flail.
The orc wizard points at you and mumbles some strange words.
The magic dart hits you!
* * * LOW HITPOINT WARNING * * *
The orc throws a boomerang.
The boomerang hits you.
* * * LOW HITPOINT WARNING * * *
You fade into invisibility!
The orc hits you with a +0 dagger.
You die...

#.....#............ #...
#o####......<...# #...
#†oob......##.#.#
#...##########.#..#..... #
#..........).........#.# #.
. .o####..###.#..#.##.#
.#.##.#.####..###.#.......#
......#.##.o....#.##.######
#........o.#.#.####
#.#.##/.oo.......#
#........@...#.###
###.....o.##.#.#
##.##)####.# # #.##... ..
#.###### .## ... ## (..
....


You could see an orc wizard (unable to see you) and 4 orcs.

Vanquished Creatures
  3 dart slugs
  4 ball pythons (D:1)
  2 endoplasms (D:2)
  7 giant cockroaches
  2 hobgoblins
  3 kobolds
  A frilled lizard (D:2)
  2 goblins (D:1)
  2 rats (D:1)
26 creatures vanquished.

Notes
Turn   | Place    | Note
-------+----------+-------------------------------------------
     0 | D:1      | AlterAsc the Vampire Enchanter began the quest for the Orb.
     0 | D:1      | Reached XP level 1. HP: 13/13 MP: 3/3
   160 | D:1      | Reached XP level 2. HP: 19/19 MP: 5/5
   163 | D:1      | Learned a level 2 spell: Ensorcelled Hibernation
   318 | D:1      | Reached skill level 5 in Stealth
   415 | D:1      | Reached skill level 5 in Hexes
   813 | D:2      | Gained mutation: You are afflicted with vampirism and can
                  | become a bat while bloodless. [Vampire growth]
   813 | D:2      | Reached XP level 3. HP: 19/19 MP: 3/6
   866 | D:2      | Learned a level 3 spell: Confusing Touch
   946 | D:2      | Slain by an orc

Illustrated notes

Levels and vault maps discovered:
D:1:      scummos_arrival_hexagon, layout_basic, serial_curves, eino_curves_01,
          eino_curves_01, minmay_worlds_worst_comb
D:2:      layout_loops_cross

Skill      XL: |  1  2 |
---------------+-------+-----
Stealth        | 5 |  5.6
Hexes          | 5 |  5.4
Short Blades   | |  1.1
Dodging        | |  2.1
Spellcasting   | |  2.0

Action                     || total
---------------------------++-------
  Melee: Dagger            ||    53
         Bite              ||     4
   Cast: Ensorcelled Hiber ||    13
Ability: Exsanguinate      ||     1
    Use: Potion            ||     1
   Stab: Sleeping          ||    19
 Armour: Robe              ||    38
  Dodge: Dodged            ||    21
